 Dungeon Crawl Stone Soup version 0.28-a0-1234-g826d19b2e0 (webtiles) character file.

Game seed: 12243096183038504585

2864 r3xj the Fighter (level 9, -20/82 HPs)
             Began as a Minotaur Fighter on Dec 23, 2021.
             Was a Believer of Okawaru.
             Demolished by a phantasmal warrior (26 damage)
             ... led by a death knight
             ... on level 6 of the Dungeon.
             The game lasted 00:12:22 (6482 turns).

r3xj the Fighter (Minotaur Fighter)                 Turns: 6482, Time: 00:12:23

Health: -20/82     AC: 16    Str: 26    XL:     9   Next: 47%
Magic:  6/8        EV: 11    Int:  5    God:    Okawaru [**....]
Gold:   321        SH:  7    Dex:  9    Spells: 8/8 levels left

rFire   . . .      SeeInvis .   I - +1 flail (protect)
rCold   . . .      Faith    .   c - +0 buckler
rNeg    + . .      Spirit   .   b - +0 scale mail
rPois   .          Reflect  .   (helmet restricted)
rElec   .          Harm     .   (no cloak)
rCorr   .          Rampage  .   (no gloves)
Will    .....                   (no boots)
Stlth   +.........              (no amulet)
HPRegen 0.23/turn               o - ring of positive energy
MPRegen 0.11/turn               (no ring)

@: heroic, under a protective aura, slowed, very slow
A: horns 2, retaliatory headbutt
a: Renounce Religion, Heroism


You were on level 6 of the Dungeon.
You worshipped Okawaru.
Okawaru was pleased with you.
You visited 1 branch of the dungeon, and saw 6 of its levels.
You also visited: Sewer.

You collected 321 gold pieces.

Inventory:

Hand Weapons
 I - a +1 flail of protection (weapon)
Missiles
 w - 30 poisoned darts (quivered)
Armour
 b - a +0 scale mail (worn)
 c - a +0 buckler (worn)
 L - a +0 tower shield
Jewellery
 o - a ring of positive energy (left hand)
 x - a ring of protection from fire
Wands
 y - a wand of polymorph (11)
 C - a wand of digging (2)
 K - a wand of paralysis (6)
Scrolls
 a - a scroll of silence {unknown}
 e - a scroll of brand weapon {unknown}
 f - 2 scrolls of teleportation {unknown}
 g - 2 scrolls of fog {unknown}
 h - a scroll of blinking {unknown}
 i - 3 scrolls of identify {unknown}
 k - 2 scrolls of enchant armour {unknown}
 l - 3 scrolls of immolation {unknown}
 m - a scroll of noise {unknown}
 n - 3 scrolls of magic mapping {unknown}
 A - a scroll of amnesia {unknown}
 B - a scroll of torment {unknown}
 E - a scroll of fear {unknown}
 G - a scroll of enchant weapon {unknown}
 J - a scroll of summoning {unknown}
Potions
 d - 2 potions of might
 j - a potion of lignification {unknown}
 p - 2 potions of degeneration {unknown}
 q - 2 potions of haste {unknown}
 r - a potion of berserk rage {unknown}
 s - a potion of ambrosia {unknown}
 t - a potion of magic {unknown}
 u - 2 potions of flight
 v - 2 potions of curing
 z - a potion of cancellation {unknown}
 D - a potion of mutation {unknown}
 F - 3 potions of brilliance {unknown}
 H - a potion of attraction {unknown}


   Skills:
 + Level 8.7(13.7) Fighting
 + Level 8.4(13.4) Maces & Flails
 + Level 8.7(13.7) Armour
 - Level 8.4(13.4) Shields


You had 8 spell levels left.
You didn't know any spells.
Your spell library contained the following spells:

 Spells                   Type           Power      Damage    Failure   Level
 Ensorcelled Hibernation  Hex/Ice        0%         N/A       83%         2
 Blade Hands              Tmut           0%         N/A       100%        5
 Irradiate                Conj/Tmut      0%         3d13      100%        5
 Dragon Form              Tmut           0%         N/A       100%        7
 Storm Form               Tmut/Air       0%         N/A       100%        7
 Maxwell's Capacitive Co  Air            0%         ∞         100%        8
 Tukima's Dance           Hex            Unusable   N/A       N/A         3
 Summon Lightning Spire   Summ/Air       Unusable   N/A       N/A         4

Dungeon Overview and Level Annotations

Branches:
Dungeon (6/15)              Sewer (visited)
 Temple: D:4-7

Altars:
Dithmenos
Elyvilon
Hepliaklqana
Kikubaaqudgha
Okawaru
Ru
Xom

Shops:
D:5 :(


Innate Abilities, Weirdness & Mutations

You have a pair of horns on your head.
You reflexively headbutt those who attack you in melee.


Message History

You hit the phantasmal warrior.
Your weapon exudes an aura of protection.
The phantasmal warrior is lightly damaged.
You hit the phantasmal warrior.
The phantasmal warrior is moderately damaged.
The phantasmal warrior misses you. The wraith hits you but does no damage.
You closely miss the phantasmal warrior.
You headbutt the phantasmal warrior!
The phantasmal warrior is heavily damaged.
The phantasmal warrior hits you! The wraith hits you.
You hit the phantasmal warrior.
Your headbutt misses the phantasmal warrior.
The phantasmal warrior is heavily damaged.
The phantasmal warrior hits you but does no damage.
The wraith barely misses you.
You barely miss the phantasmal warrior. You headbutt the phantasmal warrior.
The phantasmal warrior is severely damaged.
The phantasmal warrior hits you but does no damage.
The wraith completely misses you.
You hit the phantasmal warrior.
The phantasmal warrior is severely damaged.
The phantasmal warrior hits you! The wraith completely misses you.
You hit the phantasmal warrior but do no damage.
Your headbutt misses the phantasmal warrior.
The phantasmal warrior is severely damaged.
The phantasmal warrior hits you!! The wraith hits you!
The wraith drains your vigour!
You feel yourself slow down.
You gain the combat prowess of a mighty hero.
The phantasmal warrior hits you. The wraith closely misses you.
You hit the phantasmal warrior but do no damage.
You headbutt the phantasmal warrior, but do no damage.
The phantasmal warrior is severely damaged.
The phantasmal warrior hits you!!
* * * LOW HITPOINT WARNING * * *
The wraith hits you.
* * * LOW HITPOINT WARNING * * *
You hit the phantasmal warrior. You headbutt the phantasmal warrior.
The phantasmal warrior is almost destroyed.
The phantasmal warrior hits you!!
You die...

### ### #.# #.. ..#
#.#### #.# ##.##<# #.#
##W.##.###.#
#.W@.......#########
#..#......#..........
..............#########
##.....#....#...........
...#...........####.####
## #....#..#............
#..........#####.####
#.....##...# #.##.. #
#..........## #.##..


You could see a phantasmal warrior and a wraith.

Vanquished Creatures
  Grinder (D:6)
  Sigmund (D:3)
  6 yaks (D:6)
  Eustachio (D:6)
  Menkaure (D:5)
  Edmund (D:5)
  A sky beast (D:5)
  3 necrophages (D:5)
  2 ogres
  A centaur (D:6)
  A kobold brigand (Sewer)
  A water moccasin skeleton (D:4)
  A howler monkey (D:5)
  2 hounds
  An orc priest (D:4)
  2 bullfrog skeletons
  2 orc wizards
  2 iguanas (D:5)
  Robin (D:2)
  5 gnolls
  A river rat (Sewer)
  7 adders
  A white imp (D:5)
  2 worms (D:2)
  A dart slug (D:3)
  11 orcs
  6 ball pythons
  6 bats
  A bat zombie (D:3)
  7 endoplasms
  A giant cockroach (D:4)
  10 goblins
  12 hobgoblins
  5 jackals
  2 quokkas
  3 frilled lizards
  11 kobolds
  4 rats
127 creatures vanquished.

Vanquished Creatures (others)
  A fungus (D:2)
1 creature vanquished.

Grand Total: 128 creatures vanquished

Notes
Turn   | Place    | Note
-------+----------+-------------------------------------------
     0 | D:1      | r3xj the Minotaur Fighter began the quest for the Orb.
     0 | D:1      | Reached XP level 1. HP: 19/19 MP: 0/0
   503 | D:1      | Reached XP level 2. HP: 22/27 MP: 1/1
   973 | D:2      | Found a faded altar of an unknown god.
   983 | D:2      | Reached XP level 3. HP: 33/33 MP: 2/2
  1190 | D:2      | Noticed Robin
  1449 | D:2      | Killed Robin
  1450 | D:2      | Reached XP level 4. HP: 41/41 MP: 3/3
  1680 | D:3      | Noticed Sigmund
  1691 | D:3      | Killed Sigmund
  1692 | D:3      | Reached skill level 5 in Fighting
  1692 | D:3      | Reached skill level 5 in Armour
  1692 | D:3      | Reached skill level 5 in Shields
  1692 | D:3      | Reached XP level 5. HP: 29/48 MP: 4/4
  1696 | D:3      | Found a glowing drain.
  1751 | Sewer    | Entered a sewer
  1761 | Sewer    | Reached XP level 6. HP: 42/56 MP: 5/5
  1951 | Sewer    | Found a white marble altar of Elyvilon.
  2349 | D:3      | Found an ancient bone altar of Kikubaaqudgha.
  2888 | D:4      | Reached skill level 5 in Maces & Flails
  2905 | D:4      | Reached XP level 7. HP: 31/62 MP: 6/6
  3578 | D:4      | Found an iron altar of Okawaru.
  3823 | D:4      | Became a worshipper of Warmaster Okawaru
  3888 | D:4      | Identified the +0 leather armour "Puciecko" {Harm}
  3899 | D:5      | Entered Level 5 of the Dungeon
  3899 | D:5      | Noticed Menkaure
  3971 | D:5      | Found a sacrificial altar of Ru.
  4414 | D:5      | Found a white marble altar of Elyvilon.
  4455 | D:5      | Found Ciwaef's Book Shop.
  4459 | D:5      | Found Xuomn's Antique Weapon Shop.
  4742 | D:5      | Reached * piety under Okawaru
  4790 | D:5      | Reached XP level 8. HP: 56/69 MP: 7/7
  5030 | D:5      | Noticed Edmund
  5045 | D:5      | Killed Edmund
  5287 | D:5      | Killed Menkaure
  5542 | D:6      | Reached ** piety under Okawaru
  5549 | D:6      | Reached XP level 9. HP: 26/81 MP: 5/8
  5905 | D:6      | Noticed Grinder
  5907 | D:6      | Paralysed by Grinder for 7 turns
  5928 | D:6      | Killed Grinder
  6064 | D:6      | Found a shimmering altar of Xom.
  6229 | D:6      | Noticed Eustachio
  6241 | D:6      | Killed Eustachio
  6315 | D:6      | Found a hazy altar of Hepliaklqana.
  6349 | D:6      | Found a shadowy altar of Dithmenos.
  6471 | D:6      | Noticed a phantasmal warrior
  6482 | D:6      | Demolished by a phantasmal warrior

Illustrated notes

Levels and vault maps discovered:
D:1:      dpeg_arrival_three_same_balls, layout_basic, minmay_pentomino_v2
D:2:      layout_rooms, dreamdust_ecumenical_altar_grove, uniq_robin
D:3:      layout_loops_ring, lemuel_zombie_altar_kikubaaqudgha,
          portal_sewer_entry_d, uniq_sigmund
D:4:      layout_gridville, okawaru_metal_pillars_3, minmay_between
D:5:      layout_basic, amcnicky_altar_gilded, elyvilon_altar_1, serial_shops,
          shop_statue, nicolae_diamond_shop, hangedman_abyss_or_decor_stagger,
          kennysheep_generic_room_4, uniq_edmund, uniq_menkaure
D:6:      layout_basic, mainiacjoe_overflow_cross_hatched,
          riverfiend_overflow_shadow_ancestor, minmay_misc_feat_more_columns,
          uniq_grinder, uniq_eustachio, uniq_blork_the_orc

Skill      XL: |  1  2  3  4  5  6  7  8  9 |
---------------+----------------------------+-----
Armour         | 4 5 6 7 8 |  8.7
Fighting       | 4 5 6 7 8 |  8.7
Shields        | 4 5 6 7 8 |  8.4
Maces & Flails | 3 4 5 6 7 8 |  8.4

Action                   |  1- 3 |  4- 6 |  7- 9 || total
-------------------------+-------+-------+-------++-------
Melee: Flail             |   100 |    90 |   216 ||   406
       Headbutt          |    13 |    14 |    37 ||    64
Invok: Heroism           |       |       |     4 ||     4
Armor: Scale mail        |    65 |    34 |    47 ||   146
Dodge: Dodged            |    57 |    30 |    72 ||   159
Block: Buckler           |    28 |    21 |    46 ||    95

Table legend: (Time is in decaauts)
 A = Elapsed time spent in this place.
 B = Non-inter-level travel time spent in this place.
 C = Inter-level travel time spent in this place.
 D = Time resting spent in this place.
 E = Time spent auto-exploring this place.
 F = Levels seen in this place.
 G = Mean time per level.
                   A        B        C        D        E       F      G
               +--------+--------+--------+--------+--------+-----+--------+
         Total |   6579 |   6396 |    183 |   1034 |   4329 |   7 |  939.9 |
       Dungeon |   6269 |   6086 |    183 |   1034 |   4109 |   6 | 1044.8 |
         Sewer |    309 |    309 |      0 |      0 |    219 |   1 |  309.0 |
               +--------+--------+--------+--------+--------+-----+--------+

Top non-repeatable levels by time:
     D:4: 1656 daAuts
     D:5: 1340 daAuts
     D:1: 1173 daAuts
     D:6: 994 daAuts
     D:3: 646 daAuts
     D:2: 458 daAuts
   Sewer: 309 daAuts
